 Dungeon Crawl Stone Soup version 0.24-a0-479-g9a978d2894 (webtiles) character file.

Game seed: 8128134011031380018

39970 Elric the Fencer (level 13, -6/123 HPs)
             Began as a Minotaur Fighter on July 8, 2019.
             Was a Priest of Trog.
             Drowned by a drowned soul (15 damage)
             ... summoned by a merfolk avatar
             ... on level 6 of the Lair of Beasts.
             The game lasted 00:33:47 (19254 turns).

Elric the Fencer (Minotaur Fighter)                Turns: 19254, Time: 00:33:47

Health: -6/123     AC: 13    Str: 27    XL:     13   Next: 72%
Magic:  12/12      EV: 13    Int:  5    God:    Trog [***...]
Gold:   825        SH: 12    Dex:  5    Spells: 12/12 levels left

rFire    + + +     SeeInvis .   C - +2 long sword (vamp)
rCold    . . .     Gourm    .   c - +1 shield
rNeg     . . .     Faith    +   a - +2 scale mail of Eternity {rPois rF+++ Dex-4 Stlth-}
rPois    +         Spirit   .   H - +0 hat
rElec    .         Reflect  .   E - +0 cloak
rCorr    .         Harm     .   s - +2 pair of gloves {archery}
MR       ++...                  (no boots)
Stlth    ..........             D - amulet of faith
HPRegen  1.30/turn              n - ring of poison resistance
MPRegen  0.13/turn              P - +1 ring of evasion

@: mesmerised, regenerating, very slow
A: retaliatory headbutt, horns 2
a: Berserk, Trog's Hand, Renounce Religion


You were on level 6 of the Lair of Beasts.
You worshipped Trog.
Trog was most pleased with you.
You were not hungry.

You visited 2 branches of the dungeon, and saw 17 of its levels.
You also visited: Sewer.

You collected 960 gold pieces.
You spent 135 gold pieces at shops.

Inventory:

Hand Weapons
 b - a +0 great sword
 y - a +7 falchion of slicing
 C - a +2 vampiric long sword (weapon)
 M - the +1 flail of the End {crush, rElec rPois rN+}
   (You took it off Harold on level 8 of the Dungeon)

   It inflicts extra damage upon your enemies.
   It insulates you from electricity.
   It protects you from poison.
   It protects you from negative energy.
Missiles
 q - 34 boomerangs
 B - 23 javelins
 L - a throwing net (quivered)
 W - 3 datura-tipped darts
Armour
 a - the +2 scale mail of Eternity (worn) {rPois rF+++ Dex-4 Stlth-}
   (You found it on level 11 of the Dungeon)

   It affects your dexterity (-4).
   It renders you almost immune to fire.
   It protects you from poison.
   It makes you less stealthy.
 c - a +1 shield (worn)
 k - the +1 robe of Boiling Hail {rElec rF+ rC+ Int+3}
   (You found it on level 4 of the Dungeon)

   It affects your intelligence (+3).
   It protects you from fire.
   It protects you from cold.
   It insulates you from electricity.
 s - a +2 pair of gloves of archery (worn)
 E - a +0 cloak (worn)
 H - a +0 hat (worn)
Jewellery
 n - a ring of poison resistance (left hand)
 D - an amulet of faith (around neck)
 P - a +1 ring of evasion (right hand)
 V - an uncursed amulet of the acrobat
Wands
 o - a wand of clouds (4)
 x - a wand of acid (5)
 z - a wand of digging (7)
 A - a wand of random effects (31)
 I - a wand of paralysis (6)
 K - a wand of iceblast (8)
 X - a wand of scattershot (6)
 Y - a wand of disintegration (17)
Scrolls
 e - 3 scrolls of amnesia
 h - a scroll of torment {unknown}
 i - 11 scrolls of remove curse
 u - 2 scrolls of blinking
 F - 3 scrolls of teleportation
 J - 4 scrolls of enchant armour
 R - 3 scrolls of fear
Potions
 d - 2 potions of might
 g - a potion of flight
 j - 2 potions of cancellation {unknown}
 l - 4 potions of lignification
 m - 2 potions of resistance
 p - a potion of heal wounds
 r - 4 potions of curing
 t - a potion of brilliance
 v - a potion of magic
 w - 2 potions of haste
 G - 2 potions of ambrosia {unknown}
 N - 2 potions of agility
 O - a potion of berserk rage {unknown}
 T - 2 potions of degeneration {unknown}
Comestibles
 f - 16 rations


   Skills:
 + Level 13.8 Fighting
 * Level 18.2 Long Blades
 - Level 3.6 Armour
 + Level 12.3 Dodging
 + Level 9.0 Shields


You had 12 spell levels left.
You didn't know any spells.
Your spell library was empty.

Dungeon Overview and Level Annotations

Branches:
Dungeon (11/15)            Temple (0/1) D:4            Lair (6/6) D:11
 Shoals (0/4) Lair:3        Slime (0/5) Lair:6          Orc (0/2) D:10
  Snake: Lair:2-4    Spider: Lair:2-4

Altars:
Ashenzari
Fedhas
Kikubaaqudgha
Okawaru
Qazlal
Trog
Zin
Jiyva

Shops:
D:4 =   D:5 ?   D:6 *   D:7 [

Annotations:
D:9 2 transporters, firegrace's ghost, novice MiBe


Innate Abilities, Weirdness & Mutations

You reflexively headbutt those who attack you in melee.
You have a pair of horns on your head.


Message History

You slash the merfolk avatar! You headbutt the merfolk avatar!
The merfolk avatar is almost dead.
You block the drowned soul's attack.
The merfolk avatar chants its luring song.
You closely miss the merfolk avatar.
Your headbutt misses the merfolk avatar.
The merfolk avatar is almost dead.
The merfolk avatar chants its luring song.
You barely miss the merfolk avatar.
The merfolk avatar is almost dead.
The drowned soul touches you. The drowned soul drowns you!
* * * LOW HITPOINT WARNING * * *
Your unstable footing causes you to fumble your attack.
You block the drowned soul's attack.
The merfolk avatar chants its luring song.
The pull of its song draws you forwards.
The drowned soul touches you. The drowned soul drowns you!
* * * LOW HITPOINT WARNING * * *
The drowned soul touches you. The drowned soul drowns you!
You die...

####..≈##≈≈#≈≈≈≈≈≈≈≈≈mP≈#≈P##....
##.....##≈≈#≈≈≈≈≈88≈≈≈P≈#≈≈#.....
......≈≈≈≈≈#≈≈≈≈≈P≈≈≈≈≈8#≈P≈≈....
......≈≈≈≈≈#####≈≈P≈#####≈≈≈≈....
........#≈≈#.≈≈≈≈≈≈≈≈≈≈≈#≈≈##....
.P#..#≈..≈≈#≈≈P≈≈≈≈≈≈≈≈≈#≈P #≈...
P..P..≈≈≈≈≈#≈≈≈≈≈≈≈≈≈≈≈≈ ≈≈...
P.....≈≈≈≈≈.≈≈#≈(W)[P≈≈≈ ≈P...
........#≈#.≈≈≈≈@m≈)≈≈≈≈ .....
...#..≈#.≈#.≈≈≈≈!WW$≈≈≈≈ #≈...
......≈≈≈≈≈.≈#≈≈?$/}≈≈#≈ ≈≈...
.......≈≈≈≈#≈≈≈≈P≈≈≈≈≈≈≈ ≈....
.......##≈≈#≈≈≈≈≈P≈≈≈≈≈≈ #....
......≈#.≈≈#8≈≈≈≈≈≈≈≈≈≈8 ...≈≈
.......≈≈≈≈############# ≈≈.≈§
.......≈≈≈≈#≈≈≈≈≈≈≈≈≈≈≈8 ≈..≈#
......≈##≈≈#≈P≈≈≈≈≈≈≈≈≈≈ #≈.≈≈


You could see a merfolk avatar and 3 drowned souls.

Vanquished Creatures
  Gastronok (D:8)
  A dire elephant (Lair:6)
  Josephine (Lair:4)
  Harold (D:8)
  2 hydras
  4 death yaks
  2 two-headed ogres (D:9)
  An unseen horror (D:11)
  2 sea snakes (Lair:6)
  A harpy (Lair:6)
  An ugly thing (D:10)
  6 elephants (Lair:6)
  A manticore (D:9)
  Joseph (D:8)
  3 black mambas
  13 spiny frogs
  A centaur skeleton (D:11)
  5 rime drakes
  5 komodo dragons
  A troll (D:11)
  A queen bee (Lair:1)
  4 polar bears
  2 hornets (Lair:6)
  9 blink frogs
  5 hippogriffs
  3 wraiths
  3 wyverns (Lair:6)
  3 yaks (Lair:3)
  6 fire bats
  A fire elemental (Lair:5)
  Grum (D:11)
  9 water moccasins
  2 black bears
  3 porcupines
  3 ice beasts
  2 sky beasts
  7 orc warriors
  An eye of draining (D:9)
  9 wolves
  5 ogres
  16 centaurs
  11 crocodiles
  2 big kobolds
  A wyvern zombie (D:10)
  8 bullfrogs
  2 scorpions
  19 killer bees
  12 wights
  5 electric eels
  4 howler monkeys
  A lava snake (Lair:6)
  4 crimson imps
  A quasit (D:5)
  8 hounds
  5 jellies
  8 orc priests
  A bullfrog skeleton (D:5)
  9 orc wizards
  An iguana (D:3)
  4 worker ants
  A hound zombie (D:10)
  A howler monkey zombie (D:5)
  13 adders
  3 river rats (Sewer)
  2 shadow imps
  2 oozes
  2 adder skeletons
  4 worms
  2 dart slugs
  10 leopard geckos
  28 orcs
  7 giant cockroaches
  10 goblins
  12 hobgoblins
  4 jackals (D:4)
  4 quokkas
  3 ball pythons (Sewer)
  5 bats
  13 frilled lizards
  13 kobolds
  A quokka zombie (D:9)
  7 rats
401 creatures vanquished.

Vanquished Creatures (collateral kills)
  Snorg (Lair:5)
  2 death yaks (Lair:6)
  Nergalle (Lair:2)
  3 wraiths (Lair:4)
  3 yaks (Lair:3)
  A water moccasin (Lair:2)
  A porcupine (Lair:4)
  A crocodile (Lair:4)
13 creatures vanquished.

Vanquished Creatures (others)
  8 fungi (Lair:6)
  9 plants (Lair:6)
17 creatures vanquished.

Grand Total: 431 creatures vanquished

Notes
Turn   | Place    | Note
-------+----------+-------------------------------------------
     0 | D:1      | Elric the Minotaur Fighter began the quest for the Orb.
     0 | D:1      | Reached XP level 1. HP: 19/19 MP: 0/0
   265 | D:1      | Reached skill level 3 in Long Blades
   265 | D:1      | Reached XP level 2. HP: 27/27 MP: 1/1
   353 | D:1      | Reached skill level 1 in Dodging
   982 | D:2      | Reached XP level 3. HP: 33/33 MP: 2/2
  1171 | D:2      | Found a stormy altar of Qazlal.
  1171 | D:2      | Found a shattered altar of Ashenzari.
  1172 | D:2      | Found a bloodstained altar of Trog.
  1180 | D:2      | Became a worshipper of Trog the Wrathful
  1437 | D:2      | Reached skill level 4 in Long Blades
  1479 | D:2      | Reached XP level 4. HP: 37/41 MP: 3/3
  2116 | D:3      | Noticed a centaur
  2136 | D:3      | Killed a centaur
  2136 | D:3      | Reached skill level 5 in Long Blades
  2136 | D:3      | Reached XP level 5. HP: 26/47 MP: 4/4
  2403 | D:3      | Reached skill level 5 in Fighting
  2763 | D:3      | Reached * piety under Trog
  2941 | D:4      | Reached XP level 6. HP: 52/56 MP: 5/5
  2981 | D:4      | Found a glowing drain.
  2982 | D:4      | Got a creamy pearl robe
  2990 | Sewer    | Entered a sewer
  3100 | Sewer    | Reached skill level 6 in Long Blades
  3387 | D:4      | Found a staircase to the Ecumenical Temple.
  3426 | D:4      | Reached XP level 7. HP: 62/62 MP: 6/6
  3497 | D:4      | Reached ** piety under Trog
  3497 | D:4      | Reached skill level 7 in Long Blades
  3546 | D:4      | Found Eliomos's Jewellery Boutique.
  3967 | D:4      | Found a glowing silver altar of Zin.
  4036 | D:5      | Entered Level 5 of the Dungeon
  4384 | D:5      | Found an iron altar of Okawaru.
  4470 | D:5      | Reached skill level 8 in Long Blades
  4555 | D:5      | Found Jonoe's Magic Scroll Boutique.
  4645 | D:5      | Reached XP level 8. HP: 61/71 MP: 7/7
  4833 | D:5      | Reached skill level 5 in Dodging
  5226 | D:6      | Reached skill level 9 in Long Blades
  5841 | D:6      | Reached *** piety under Trog
  5841 | D:6      | Reached skill level 10 in Long Blades
  5886 | D:6      | Found Daepnaj's General Store.
  5998 | D:6      | Found an ancient bone altar of Kikubaaqudgha.
  6123 | D:6      | Reached XP level 9. HP: 81/81 MP: 8/8
  6709 | D:7      | Found Wifauf's Antique Armour Boutique.
  6731 | D:7      | Identified the +1 robe of Boiling Hail {rElec rF+ rC+
                  | Int+3} (You found it on level 4 of the Dungeon)
  6745 | D:7      | Bought a pair of runed gloves for 135 gold pieces
  7098 | D:7      | Reached skill level 11 in Long Blades
  7207 | D:7      | Found a blossoming altar of Fedhas.
  7333 | D:8      | Noticed Joseph
  7337 | D:8      | Noticed Gastronok
  7363 | D:8      | Killed Joseph
  7809 | D:8      | Killed Gastronok
  7809 | D:8      | Reached skill level 12 in Long Blades
  7809 | D:8      | Reached XP level 10. HP: 92/92 MP: 9/9
  8285 | D:8      | Noticed Harold
  8286 | D:8      | Identified the cursed +1 flail of the End {crush, rElec
                  | rPois rN+}
  8299 | D:8      | Killed Harold
  8299 | D:8      | Reached skill level 10 in Fighting
  8299 | D:8      | Reached skill level 13 in Long Blades
  8697 | D:9      | Reached **** piety under Trog
  8702 | D:9      | Noticed a two-headed ogre
  8713 | D:9      | Killed a two-headed ogre
  9133 | D:9      | Noticed a manticore
  9155 | D:9      | Killed a manticore
  9498 | D:9      | Reached XP level 11. HP: 81/101 MP: 10/10
  9575 | D:9      | Noticed a two-headed ogre
  9582 | D:9      | Killed a two-headed ogre
  9582 | D:9      | Reached skill level 14 in Long Blades
  9627 | D:9      | Found a transporter.
  9630 | D:9      | Noticed firegrace's ghost (novice MiBe)
  9647 | D:9      | Found a transporter.
  9798 | D:10     | Entered Level 10 of the Dungeon
 10845 | D:10     | Found a staircase to the Orcish Mines.
 10932 | D:11     | Noticed a cyan ugly thing
 10959 | D:10     | Killed a cyan ugly thing
 11336 | D:11     | Found a staircase to the Lair.
 11765 | D:11     | Got a spiked scale mail
 11766 | D:11     | Identified the +2 scale mail of Eternity {rPois rF+++ Dex-4
                  | Stlth-} (You found it on level 11 of the Dungeon)
 11900 | D:11     | Reached skill level 10 in Dodging
 11970 | D:11     | Killed an unseen horror
 11970 | D:11     | Reached skill level 15 in Long Blades
 12007 | D:11     | Noticed Grum
 12011 | D:11     | Killed Grum
 12729 | Lair:1   | Entered Level 1 of the Lair of Beasts
 12981 | Lair:1   | Reached ***** piety under Trog
 13371 | Lair:1   | Received a gift from Trog
 13717 | Lair:2   | Noticed Nergalle
 13728 | Lair:2   | Killed Nergalle
 13729 | Lair:2   | Reached XP level 12. HP: 112/112 MP: 11/11
 13805 | Lair:2   | You fall into a shaft and drop 2 floors!
 14291 | Lair:3   | Reached skill level 5 in Shields
 14374 | Lair:3   | Reached skill level 16 in Long Blades
 14440 | Lair:3   | Received a gift from Trog
 14591 | Lair:3   | Found a staircase to the Shoals.
 15350 | Lair:4   | Noticed Josephine
 15350 | Lair:4   | Noticed a five-headed hydra
 15367 | Lair:4   | Killed a five-headed hydra
 15382 | Lair:4   | Killed Josephine
 16319 | Lair:5   | Noticed Snorg
 16327 | Lair:5   | Killed Snorg
 16376 | Lair:5   | Reached skill level 17 in Long Blades
 17033 | Lair:6   | Entered Level 6 of the Lair of Beasts
 17054 | Lair:6   | Noticed a four-headed hydra
 17103 | Lair:6   | Killed a four-headed hydra
 17103 | Lair:6   | Reached XP level 13. HP: 122/122 MP: 12/12
 18616 | Lair:6   | Found a viscous altar of Jiyva.
 18617 | Lair:6   | Found a staircase to the Slime Pits.
 18884 | Lair:6   | Noticed a dire elephant
 18910 | Lair:6   | Killed a dire elephant
 18910 | Lair:6   | Reached skill level 18 in Long Blades
 19254 | Lair:6   | Drowned by a drowned soul

Levels and vault maps discovered:
D:1:      nicolae_arrival_somewhat_less_tricky_arrival, layout_loops_corners,
          serial_rivers, chequers_serial_rivers_large_a,
          chequers_serial_rivers_micro_c, chequers_serial_rivers_micro_d,
          chequers_serial_rivers_micro_e, chequers_serial_rivers_marsh
D:2:      layout_loops_corners, gammafunk_temple_overflow_claw, first_ration
D:3:      layout_loops_ring, kennysheep_path_1, dk_vineyard_2
D:4:      layout_loops_ring, zin_statuary, minmay_temple_entry_proselytizer,
          serial_shops, nicolae_shop_crystal, gup_sewer_entry_pipe
D:5:      layout_cave_pods, lemuel_coloured_pillars_altar, serial_shops,
          nicolae_shop_waterfront
D:6:      layout_basic, marbit_many_paths, serial_shops, shop
D:7:      layout_loops_ring, lemuel_doored_altar, serial_shops, shop
D:8:      layout_loops_ring, kennysheep_generic_room_8, uniq_joseph,
          uniq_harold, uniq_gastronok
D:9:      layout_basic, gammafunk_ghost_arena
D:10:     layout_small_grid, erik_orc_2
D:11:     layout_basic, erik_lair_island, uniq_grum
Lair:1:   layout_hall_layers, special_room [special_room_bee]
Lair:2:   layout_chaotic_city, infiniplex_staircase_pool, grunt_megastairs_5,
          uniq_nergalle, uniq_sonja
Lair:3:   layout_gridlike, shoals_dummy_entry, beast_lair_carwin_8,
          grunt_megastairs_1
Lair:4:   beast_lair_carwin_large_3, layout_loops_ring,
          spider_nest_entry_web_field, uniq_josephine
Lair:5:   layout_gridlike, uniq_snorg
Lair:6:   gammafunk_lair_ancient_temple, layout_gridlike,
          dpeg_slime_entry_enclosed_altar

Skill      XL: |  1  2  3  4  5  6  7  8  9 10 11 12 13 |
---------------+----------------------------------------+-----
Long Blades    | 3 4 5 6 8 10 12 13 15 17 18 | 18.2
Dodging        | 1 2 3 4 6 8 9 10 11 12 | 12.3
Fighting       | 4 5 6 7 9 10 12 13 | 13.8
Shields        | 4 7 9 |  9.0
Armour         | |  3.6

Action                   |  1- 3 |  4- 6 |  7- 9 | 10-12 | 13-15 || total
-------------------------+-------+-------+-------+-------+-------++-------
Melee: Long sword        |   104 |   170 |   134 |   251 |   178 ||   837
       Headbutt          |    12 |    29 |    45 |   102 |    65 ||   253
       Scimitar          |       |       |   118 |     8 |       ||   126
       Great sword       |       |       |       |   276 |       ||   276
       Falchion          |       |       |       |    74 |    94 ||   168
       Flail             |       |       |       |    11 |       ||    11
Throw: Boomerang         |       |       |    17 |     1 |       ||    18
       Throwing net      |       |       |       |     1 |       ||     1
Invok: Berserk           |       |     1 |     5 |    12 |     4 ||    22
       Trog's Hand       |       |       |     2 |     3 |     2 ||     7
       Brothers in Arms  |       |       |       |     5 |     3 ||     8
  Use: Scroll            |       |     3 |     3 |    17 |     1 ||    24
       Potion            |       |       |       |     4 |     1 ||     5
 Stab: Distracted        |       |       |       |       |     2 ||     2
  Eat: Chunk             |     1 |     7 |     8 |    12 |       ||    28
       Ration            |       |       |     4 |     9 |     4 ||    17
Armor: Scale mail        |    13 |       |       |   169 |    71 ||   253
       Chain mail        |    40 |    80 |    88 |       |       ||   208
       Robe              |       |       |     9 |    49 |       ||    58
       Skin              |       |       |       |     3 |       ||     3
Dodge: Dodged            |    39 |    36 |    81 |   362 |    78 ||   596
Block: Shield            |    52 |    82 |   136 |   161 |   133 ||   564
       Rpst.: Long sword |    14 |     9 |     6 |    39 |     9 ||    77
       Scimitar          |       |       |    11 |     1 |       ||    12
       Great sword       |       |       |       |    44 |       ||    44
       Falchion          |       |       |       |    11 |     7 ||    18

Table legend:
 A = Non-vault XP
 B = Vault XP
 C = Vault XP percentage of total XP
 D = Non-vault monster count
 E = Vault monster count
 F = Vault count percentage of total count
                 A         B        C        D         E       F
            +---------+---------+-------+---------+---------+-------
      Total |   34611 |   22490 |  39.4 |     297 |     117 |  28.3
            +---------+---------+-------+---------+---------+-------
        D:1 |      38 |       0 |   0.0 |      18 |       0 |   0.0
        D:2 |      88 |       0 |   0.0 |      24 |       0 |   0.0
        D:3 |     237 |       0 |   0.0 |      20 |       0 |   0.0
        D:4 |     492 |      60 |  10.9 |      19 |       8 |  29.6
        D:5 |     764 |       0 |   0.0 |      20 |       0 |   0.0
        D:6 |    1209 |       0 |   0.0 |      29 |       0 |   0.0
        D:7 |     792 |       0 |   0.0 |      15 |       0 |   0.0
        D:8 |     654 |    3749 |  85.1 |      18 |       3 |  14.3
        D:9 |    3931 |       0 |   0.0 |      29 |       0 |   0.0
       D:10 |    1379 |    1004 |  42.1 |      10 |      19 |  65.5
       D:11 |    2767 |    1794 |  39.3 |      22 |      17 |  43.6
     Lair:1 |    1324 |     919 |  41.0 |       7 |      11 |  61.1
     Lair:2 |     399 |     695 |  63.5 |       3 |       2 |  40.0
     Lair:3 |    4061 |    1583 |  28.0 |      16 |       9 |  36.0
     Lair:4 |    1669 |    2187 |  56.7 |       5 |       8 |  61.5
     Lair:5 |    4174 |     825 |  16.5 |      13 |       1 |   7.1
     Lair:6 |   10633 |    9620 |  47.5 |      29 |      24 |  45.3
      Sewer |       0 |      54 | 100.0 |       0 |      15 | 100.0
            +---------+---------+-------+---------+---------+-------
